 Dungeon Crawl Stone Soup version 0.29-a0-275-g389c0b56f3 (webtiles) character file.

Game seed: 4618986106736126760

280 Colgate the Vexing (level 6, -5/28 HPs)
             Began as a Spriggan Enchanter on Mar 9, 2022.
             Was a Follower of Okawaru.
             Slain by an ogre
             ... wielding a +0 giant club
              (21 damage)
             ... on level 4 of the Dungeon.
             The game lasted 00:09:31 (4277 turns).

Colgate the Vexing (Spriggan Enchanter)             Turns: 4277, Time: 00:09:32

Health: -5/28      AC:  2    Str:  4    XL:     6   Next: 5%
Magic:  0/11       EV: 17    Int: 25    God:    Okawaru [*.....]
Gold:   203        SH:  0    Dex: 15    Spells: 3/11 levels left

rFire   . . .      SeeInvis +   a - +2 dagger (speed)
rCold   . . .      Faith    .   (no shield)
rNeg    . . .      Spirit   +   k - +0 robe
rPois   .          Reflect  .   (helmet restricted)
rElec   .          Harm     .   (no cloak)
rCorr   .          Rampage  .   (gloves unavailable)
Will    +....                   (boots unavailable)
Stlth   +++.......              p - amulet of guardian spirit
HPRegen 0.09/turn               e - +6 ring of intelligence
MPRegen 0.12/turn               (no ring)

@: very quick
A: very small, no large weapons, unfitting armour, see invisible, speed 3
a: Renounce Religion, Heroism


You were on level 4 of the Dungeon.
You worshipped Okawaru.
Okawaru was aware of your devotion.
You visited 2 branches of the dungeon, and saw 5 of its levels.

You collected 203 gold pieces.

Inventory:

Hand Weapons
 a - a +2 dagger of speed (weapon)
 b - the +4 short sword of Wu Jian, Imbibing {elec, +Blink rPois}
   (You found it on level 2 of the Dungeon)

   It occasionally discharges a powerful burst of electricity upon striking a
   foe.
   rPois:     It protects you from poison.
   +Blink:    It lets you blink.
Armour
 k - a +0 robe (worn)
Jewellery
 e - a +6 ring of intelligence (left hand)
 l - an amulet of the acrobat
 p - an amulet of guardian spirit (around neck)
Scrolls
 d - 2 scrolls of teleportation {unknown}
 f - a scroll of noise {unknown}
 g - 5 scrolls of identify {unknown}
 m - a scroll of fog {unknown}
Potions
 c - 2 potions of invisibility
 h - 2 potions of flight {unknown}
 i - a potion of berserk rage {unknown}
 j - a potion of curing {unknown}
 n - a potion of heal wounds {unknown}
 o - 2 potions of mutation {unknown}


   Skills:
 - Level 3.4 Short Blades
 - Level 2.6 Dodging
 + Level 6.1 Stealth
 - Level 3.0 Spellcasting
 - Level 6.3 Hexes


You had 3 spell levels left.
You knew the following spells:

 Your Spells              Type           Power      Damage    Failure   Level
a - Ensorcelled Hibernat  Hex/Ice        38%        N/A       4%          2
b - Tukima's Dance        Hex            35%        N/A       2%          3
c - Confusing Touch       Hex            35%        N/A       2%          3

Your spell library contained the following spells:

 Spells                   Type           Power      Damage    Failure   Level
 Dazzling Flash           Conj/Hex       38%        N/A       9%          3
 Static Discharge         Conj/Air       3%         N/A       16%         2
 Lightning Bolt           Conj/Air       1%         1d12      95%         5
 Maxwell's Capacitive Co  Air            1%         ∞         100%        8


Dungeon Overview and Level Annotations

Branches:
Dungeon (4/15)             Temple (1/1) D:4

Altars:
Ashenzari
Cheibriados
Dithmenos
Fedhas
Hepliaklqana
Kikubaaqudgha
Nemelex Xobeh
Okawaru
Ru
Sif Muna
Uskayaw
Vehumet
Wu Jian
Xom
Yredelemnul
Zin
The Shining One

Shops:
D:1 [   D:3 ?


Innate Abilities, Weirdness & Mutations

You are very small and have problems with some larger weapons.
You are too small for most types of armour.
You have supernaturally acute eyesight. (SInv)
You cover ground extremely quickly. (Speed+++)


Message History

The dart slug looks drowsy...
The helpless dart slug fails to defend itself.
You impale the dart slug!!
You kill the dart slug!
Okawaru accepts your kill.
You now have 203 gold pieces (gained 15).
A scorpion comes into view.
A hobgoblin comes into view.
The scorpion stings you.
You are poisoned.
The scorpion poisons you!
The scorpion looks drowsy...
You feel sick.
The helpless scorpion fails to defend itself.
You impale the scorpion!!
You kill the scorpion!
Okawaru accepts your kill.
You feel sick.
Your Short Blades skill increases to level 3!
You have reached level 6!
You feel sick.
You see here a scorpion corpse.
You feel sick.
The hobgoblin shouts!
You hear a shout!
You feel sick. The hobgoblin completely misses you.
An ogre comes into view. It is wielding a +0 giant club.
The hobgoblin looks drowsy...
The ogre shouts!
You feel sick.
The helpless hobgoblin fails to defend itself.
You impale the hobgoblin!!
You kill the hobgoblin!
Okawaru accepts your kill.
You feel sick.
You feel sick.
You are no longer poisoned.
The ogre attacks as you move away!
The ogre hits you with a +0 giant club!!
Ouch! That really hurt!
You die...

....#+###..##..#........#≈._.≈#..
##......#..##..#........#≈...≈#..
#......#..##..##...###.#.≈≈≈.#..
#......#..##..##...###.#.....#..
#......#.............#..#...#...
#......#.............+.[.#.# ...
+......#..##..##.....##..
#......#..##..######## +##
#......#......†@.....#
##.....#..######O....# #.....#..#
#.....# #.....#.. .......#
#.....# ........# #.....#
########## #######


You could see an ogre.

Vanquished Creatures
  A scorpion (D:4)
  Jessica (D:2)
  An iguana (D:4)
  An orc wizard (D:4)
  3 adders
  4 gnolls (D:2)
  A dart slug (D:4)
  3 orcs (D:4)
  6 ball pythons
  6 bats
  8 endoplasms
  3 giant cockroaches
  7 goblins
  5 hobgoblins
  6 jackals
  3 kobolds
  2 quokkas
  3 frilled lizards
  7 rats
71 creatures vanquished.

Vanquished Creatures (others)
  A plant (D:3)
1 creature vanquished.

Grand Total: 72 creatures vanquished

Notes
Turn   | Place    | Note
-------+----------+-------------------------------------------
     0 | D:1      | Colgate the Spriggan Enchanter began the quest for the Orb.
     0 | D:1      | Reached XP level 1. HP: 9/9 MP: 5/5
   127 | D:1      | Found Leoniw's Armour Emporium.
   287 | D:1      | Reached XP level 2. HP: 13/13 MP: 6/6
   290 | D:1      | Learned a level 2 spell: Ensorcelled Hibernation
   291 | D:1      | You fall into a shaft and drop 1 floor!
   400 | D:2      | Reached skill level 5 in Hexes
   400 | D:2      | Reached XP level 3. HP: 16/16 MP: 8/8
   576 | D:1      | Learned a level 3 spell: Tukima's Dance
   580 | D:1      | Learned a level 3 spell: Confusing Touch
  1404 | D:1      | Reached XP level 4. HP: 18/21 MP: 6/9
  1906 | D:2      | Noticed Jessica
  1911 | D:2      | Killed Jessica
  1981 | D:2      | Identified the +4 short sword of Wu Jian, Imbibing {elec,
                  | +Blink rPois}
  2355 | D:3      | Found a faded altar of an unknown god.
  2359 | D:3      | Prayed at the altar of an unknown god.
  2359 | D:3      | Became a worshipper of Warmaster Okawaru
  2359 | D:3      | Reached * piety under Okawaru
  3142 | D:3      | Found a blossoming altar of Fedhas.
  3157 | D:3      | Found Hugg's Magic Scroll Emporium.
  3296 | D:3      | Reached XP level 5. HP: 22/24 MP: 7/10
  3442 | D:4      | Found a sacrificial altar of Ru.
  3484 | D:4      | Found a staircase to the Ecumenical Temple.
  3488 | D:4      | Reached skill level 5 in Stealth
  3496 | Temple   | Entered the Ecumenical Temple
  4267 | D:4      | Reached XP level 6. HP: 21/28 MP: 6/11
  4277 | D:4      | Slain by an ogre

Illustrated notes

Levels and vault maps discovered:
D:1:      minmay_arrival_four_loops, layout_basic, serial_shops, shop,
          st_stairs_8, minivault_11, skrybe_limestone_x
D:2:      layout_rooms, kennysheep_generic_room_5, uniq_jessica
D:3:      layout_loops_ring, mainiacjoe_overflow_alcove_2,
          basic_ecumenical_altar, serial_shops, shop, serial_forest,
          infiniplex_forest_end_3, infiniplex_forest_clump_double,
          infiniplex_forest_lined_2, infiniplex_forest_lined_3,
          infiniplex_forest_straight_4
D:4:      layout_gridville, nicolae_ru_awakened_eye,
          minmay_temple_entry_overgrown, kennysheep_generic_room_14
Temple:   regret_index_temple_generic_petals

Skill      XL: |  1  2  3  4  5 |
---------------+----------------+-----
Hexes          | 4 5 6 |  6.3
Spellcasting   | 3 |  3.0
Short Blades   | 2 3 |  3.4
Stealth        | 6 |  6.1
Dodging        | |  2.6

Action                   |  1- 3 |  4- 6 || total
-------------------------+-------+-------++-------
Melee: Dagger            |    42 |    45 ||    87
       Short sword       |       |    12 ||    12
 Cast: Ensorcelled Hiber |    19 |    44 ||    63
 Stab: Sleeping          |    27 |    36 ||    63
Armor: Robe              |     2 |     7 ||     9
Dodge: Dodged            |    16 |    58 ||    74

Table legend: (Time is in decaauts)
 A = Elapsed time spent in this place.
 B = Non-inter-level travel time spent in this place.
 C = Inter-level travel time spent in this place.
 D = Time resting spent in this place.
 E = Time spent auto-exploring this place.
 F = Levels seen in this place.
 G = Mean time per level.
                   A        B        C        D        E       F      G
               +--------+--------+--------+--------+--------+-----+--------+
         Total |   3136 |   3062 |     74 |      0 |   2593 |   5 |  627.2 |
       Dungeon |   2989 |   2920 |     69 |      0 |   2463 |   4 |  747.2 |
        Temple |    147 |    142 |      5 |      0 |    130 |   1 |  147.0 |
               +--------+--------+--------+--------+--------+-----+--------+

Top non-repeatable levels by time:
     D:1: 1142 daAuts
     D:3: 948 daAuts
     D:2: 474 daAuts
     D:4: 424 daAuts
  Temple: 147 daAuts
